 Dungeon Crawl Stone Soup version 0.31-a0-174-g85c54bcb58 (webtiles) character file.

Game seed: 14836566692345906027

76 qw the Shooter (level 4, 0/40 HPs)
             Began as a Naga Hunter on June 15, 2023.
             Slain by Terence
             ... wielding a +0 mace
              (5 damage)
             ... on level 3 of the Dungeon.
             The game lasted 00:00:32 (1550 turns).

qw the Shooter (Naga Hunter)                        Turns: 1550, Time: 00:00:32

Health: 0/40       AC:  3    Str: 10 (13) XL:     4   Next: 32%
Magic:  4/4        EV:  9    Int:  9 (10) God:
Gold:   104        SH:  0    Dex: 15 (16) Spells: 3/3 levels left

rFire   . . .        Y - +0 shortbow
rCold   . . .        (shield currently unavailable)
rNeg    . . .        c - +0 leather armour
rPois   +            b - +0 helmet
rElec   .            (no cloak)
rCorr   .            (no gloves)
SInv    +            (no barding)
Will    .....        (no amulet)
Stlth   ++           (no ring)
HPRegen 0.26/turn    (no ring)
MPRegen 0.09/turn

%: no passive effects
@: about to teleport, very slow
A: AC +1, large, see invisible, deformed body, poison resistance, slowness 2,
spit poison 1, naga tail 1
a: Spit Poison


You were on level 3 of the Dungeon.
You visited 1 branch of the dungeon, and saw 3 of its levels.

You collected 104 gold pieces.


Innate Abilities, Weirdness & Mutations

Your serpentine skin is tough. (AC +1)
You have supernaturally acute eyesight. (SInv)
Armour fits poorly on your strangely shaped body.
Your system is resistant to poisons. (rPois)
You cover ground very slowly.
You can spit poison.
You have a snake-like lower body.


   Skills:
 + Level 2.5 Fighting
 - Level 5.0 Ranged Weapons
 - Level 1.5 Dodging
 - Level 1.5 Stealth


You had 3 spell levels left.
You didn't know any spells.
Your spell library was empty.

Inventory:

Hand Weapons
 Y - a +0 shortbow (weapon)
Armour
 b - a +0 helmet (worn)
 c - a +0 leather armour (worn)
Potions
 a - a potion of attraction {unknown}
 e - 3 potions of haste
 f - a potion of cancellation {unknown}
 h - a potion of berserk rage {unknown}
 l - 3 potions of curing

Dungeon Overview and Level Annotations

Branches:
Dungeon (3/15)

Altars:

Shops:
D:1 :

Annotations:
D:3 Terence


Message History

You kill the rat!
You have got your breath back.
You see here a rat corpse.
Found a book of Changes.
Found a fizzy orange potion.
Found a stone staircase leading up.
You see here a +2 dagger of draining.
You see here a book of Changes.
Found a faded altar of an unknown god.
Found a stone staircase leading down.
a - a fizzy orange potion Terence the Incautious comes into view.
He is wielding a +0 mace and carrying a wand of flame (15).
Terence shouts!
There is a stone staircase leading down here.
1544 ||| INVOKING Spit Poison.
Aiming: Spit Poison (1% risk of failure)
Press: ? - help, Shift-Dir - straight line, f - Terence The splash of poison hits Terence.
Terence is moderately wounded.
Terence zaps a wand.
The puff of flame hits you!
You shoot an arrow. The arrow closely misses Terence.
Terence barely misses you.
You shoot an arrow. The arrow hits Terence.
Terence is moderately wounded.
Terence hits you with a +0 mace!
You shoot an arrow.
The arrow hits Terence but does no damage.
Terence is moderately wounded.
Terence zaps a wand.
The puff of flame hits you!
You shoot an arrow.
The arrow hits Terence but does no damage.
Terence is moderately wounded.
Terence zaps a wand.
The puff of flame hits you.
You shoot an arrow. The arrow closely misses Terence.
You have got your breath back.
Terence hits you with a +0 mace!
1550 ||| READING scroll of teleportation.
As you read the scroll of teleportation, it crumbles to dust.
You feel strangely unstable. Terence hits you with a +0 mace.
You die...

#.. ## ... ._. .# ...
... .# ... #.# .# #.#
#.# .# #.#
#.#######@#.# #.#
#.......@!..#
###.#####............#
.<..:.......#####.##.#
###)#####.#.# .# #
....# #.#.# .# #####
#.#.# .# #.#.# .#
#.#.# ## #.#..


You could see Terence.

Vanquished Creatures
  Robin (D:2)
  An adder (D:2)
  A worm (D:2)
  4 ball pythons (D:1)
  3 bats
  4 endoplasms
  3 giant cockroaches
  13 goblins
  8 hobgoblins
  A kobold (D:1)
  A quokka (D:1)
  2 frilled lizards (D:1)
  2 rats
44 creatures vanquished.

Notes
Turn   | Place    | Note
-------+----------+-------------------------------------------
     0 | D:1      | qw the Naga Hunter began the quest for the Orb.
     0 | D:1      | Reached XP level 1. HP: 19/19 MP: 1/1
     0 | D:1      | 0 ||| qw: Version: 0.2-a-29-g511e9b1
     0 | D:1      | 0 ||| qw: Game counter: 5294
     0 | D:1      | 0 ||| qw: Always use a shield: true
     0 | D:1      | 0 ||| qw: God list: Okawaru
     0 | D:1      | 0 ||| qw: Allow faded altars: false
     0 | D:1      | 0 ||| qw: Do Orc after D:15 true
     0 | D:1      | 0 ||| qw: Do second Lair branch before Depths: true
     0 | D:1      | 0 ||| qw: Lair rune preference: random
     0 | D:1      | 0 ||| qw: Plans: Normal
     0 | D:1      | 0 ||| PLANNING D:1-11
    51 | D:1      | 51 ||| INVOKING Spit Poison.
    88 | D:1      | 88 ||| INVOKING Spit Poison.
    89 | D:1      | Reached skill level 4 in Ranged Weapons
    89 | D:1      | Reached XP level 2. HP: 26/26 MP: 2/2
    90 | D:1      | Found Refat's Book Boutique.
    93 | D:1      | 93 ||| INVOKING Spit Poison.
   103 | D:1      | 103 ||| INVOKING Spit Poison.
   260 | D:1      | 260 ||| INVOKING Spit Poison.
   281 | D:1      | 281 ||| INVOKING Spit Poison.
   375 | D:1      | 375 ||| INVOKING Spit Poison.
   393 | D:1      | 393 ||| INVOKING Spit Poison.
   403 | D:1      | 403 ||| INVOKING Spit Poison.
   430 | D:1      | 430 ||| INVOKING Spit Poison.
   436 | D:1      | 436 ||| INVOKING Spit Poison.
   437 | D:1      | Reached XP level 3. HP: 32/32 MP: 3/3
   446 | D:1      | 446 ||| INVOKING Spit Poison.
   538 | D:1      | 538 ||| INVOKING Spit Poison.
   629 | D:1      | 629 ||| INVOKING Spit Poison.
   687 | D:1      | 687 ||| INVOKING Spit Poison.
   737 | D:1      | 737 ||| INVOKING Spit Poison.
   823 | D:1      | 823 ||| DROPPING +6 ring of intelligence.
   824 | D:1      | 824 ||| READING scroll labelled XINAERHUER.
   829 | D:1      | 829 ||| READING scroll labelled GUAPEXIEPP.
   830 | D:1      | 830 ||| READING scroll labelled LADU VEURE.
   831 | D:1      | 831 ||| READING scroll labelled LIHEWI GIOTU.
   832 | D:1      | 832 ||| DRINKING 2 blue potions.
   833 | D:1      | 833 ||| DRINKING 2 glowing pink potions.
   834 | D:1      | 834 ||| DROPPING scroll of butterflies.
   915 | D:2      | 915 ||| INVOKING Spit Poison.
   916 | D:2      | Noticed Robin
   917 | D:2      | 917 ||| Stepping ~*~*~tactically~*~*~ (outnumbered).
   921 | D:2      | 921 ||| INVOKING Spit Poison.
   924 | D:2      | 924 ||| INVOKING Spit Poison.
   930 | D:2      | 930 ||| INVOKING Spit Poison.
   931 | D:2      | Killed Robin
   933 | D:2      | Reached skill level 5 in Ranged Weapons
  1078 | D:2      | 1078 ||| INVOKING Spit Poison.
  1080 | D:2      | Reached XP level 4. HP: 39/39 MP: 4/4
  1131 | D:2      | 1131 ||| INVOKING Spit Poison.
  1216 | D:2      | 1216 ||| INVOKING Spit Poison.
  1222 | D:2      | 1222 ||| INVOKING Spit Poison.
  1324 | D:2      | 1324 ||| INVOKING Spit Poison.
  1430 | D:2      | 1430 ||| INVOKING Spit Poison.
  1481 | D:2      | 1481 ||| UPGRADING to +0 helmet.
  1486 | D:2      | 1486 ||| READING scroll labelled IPEG WILYL.
  1487 | D:2      | 1487 ||| DRINKING 2 grey potions.
  1488 | D:2      | 1488 ||| DROPPING potion of degeneration.
  1496 | D:3      | 1496 ||| INVOKING Spit Poison.
  1530 | D:3      | Found a faded altar of an unknown god.
  1543 | D:3      | Noticed Terence
  1544 | D:3      | 1544 ||| INVOKING Spit Poison.
  1549 | D:3      | HP: 5/40 [Terence/+0 mace (8)]
  1550 | D:3      | 1550 ||| READING scroll of teleportation.
  1550 | D:3      | Slain by Terence

Levels and vault maps discovered:
D:1:      psy_arrival_statuary, layout_loops_corners, serial_shops, shop,
          corexii_hall_statues_u
D:2:      layout_rooms, minmay_cut_off, uniq_robin
D:3:      layout_loops_ring, basic_ecumenical_altar,
          minmay_misc_feat_secret_circle, lexackson_kobold_supper, uniq_terence

Skill      XL: |  1  2  3 |
---------------+----------+-----
Ranged Weapons | 4 5 |  5.0
Fighting       | |  2.5
Dodging        | |  1.5
Stealth        | |  1.5

Action                     |  1- 3 |  4- 6 || total
---------------------------+-------+-------++-------
   Fire: Shortbow          |    48 |    24 ||    72
Ability: Spit Poison       |    21 |     7 ||    28
    Use: Scroll            |     4 |     2 ||     6
         Potion            |     2 |     1 ||     3
 Armour: Leather armour    |     3 |     4 ||     7
  Dodge: Dodged            |     6 |     7 ||    13

Table legend:
 A = Non-vault XP
 B = Vault XP
 C = Vault XP percentage of total XP
 D = Non-vault monster count
 E = Vault monster count
 F = Vault count percentage of total count
                 A         B        C        D         E       F
            +---------+---------+-------+---------+---------+-------
      Total |      57 |      52 |  47.7 |      30 |      14 |  31.8
            +---------+---------+-------+---------+---------+-------
        D:1 |      44 |       0 |   0.0 |      24 |       0 |   0.0
        D:2 |      12 |      52 |  81.2 |       5 |      14 |  73.7
        D:3 |       1 |       0 |   0.0 |       1 |       0 |   0.0
            +---------+---------+-------+---------+---------+-------
